 Dungeon Crawl Stone Soup version 0.30-a0-177-g1cb5dbfd7a (webtiles) character file.

Game seed: 2923473219878953030

86 trckry the Digger (level 4, -4/30 HPs)
             Began as a Formicid Earth Elementalist on Oct 2, 2022.
             Was a Believer of Sif Muna.
             Slain by an orc priest
             ... wielding a +0 club
              (5 damage)
             ... on level 4 of the Dungeon.
             The game lasted 00:05:43 (2108 turns).

trckry the Digger (Formicid Earth Elementalist)     Turns: 2108, Time: 00:05:44

Health: -4/30      AC:  2    Str: 13    XL:     4   Next: 78%
Magic:  1/8        EV: 12    Int: 16    God:    Sif Muna [**....]
Gold:   157        SH:  0    Dex: 14    Spells: 4/8 levels left

rFire   . . .      SeeInvis +    k - +0 dagger (venom)
rCold   . . .      Faith    .    (no shield)
rNeg    . . .      Spirit   .    a - +0 robe
rPois   .          Reflect  .    (helmet unavailable)
rElec   .          Harm     .    (no cloak)
rCorr   .          Rampage  .    (no gloves)
Will    .....                    (no boots)
Stlth   ++........               (no amulet)
HPRegen 0.25/turn                (no ring)
MPRegen 0.11/turn                (no ring)

@: no status effects
A: permanent stasis, dig shafts and tunnels, antennae 3, four strong arms
a: Dig, Shaft Self, Renounce Religion, Channel Magic


You were on level 4 of the Dungeon.
You worshipped Sif Muna.
Sif Muna was pleased with you.
You visited 1 branch of the dungeon, and saw 6 of its levels.

You collected 157 gold pieces.

Inventory:

Hand Weapons
 k - a +0 dagger of venom (weapon)
Armour
 a - a +0 robe (worn)
Wands
 p - a wand of quicksilver (6)
Scrolls
 d - 2 scrolls of summoning {unknown}
 f - 2 scrolls of amnesia {unknown}
 i - 2 scrolls of teleportation {unknown}
 j - a scroll of silence {unknown}
 l - a scroll of magic mapping {unknown}
 m - 4 scrolls of identify {unknown}
 n - 2 scrolls of poison {unknown}
 o - a scroll of vulnerability {unknown}
Potions
 b - a potion of magic
 c - a potion of lignification {unknown}
 e - a potion of attraction {unknown}
 g - a potion of haste {unknown}
 h - a potion of invisibility {unknown}


   Skills:
 + Level 0.2 Fighting
 + Level 0.4 Armour
 + Level 2.3 Dodging
 - Level 3.0 Stealth
 + Level 2.8 Spellcasting
 * Level 0.5 Conjurations
 + Level 2.2 Transmutations
 + Level 4.2 Earth Magic
 + Level 0.4 Invocations


You had 4 spell levels left.
You knew the following spells:

 Your Spells              Type           Power      Damage    Failure   Level
a - Sandblast             Erth           30%        2d9       3%          1
b - Stone Arrow           Conj/Erth      18%        3d8       22%         3

Your spell library contained the following spells:

 Spells                   Type           Power      Damage    Failure   Level
 Passwall                 Tmut/Erth      10%        N/A       8%          2
 Momentum Strike          Conj/Tloc      6%         3d8       26%         2
 Petrify                  Tmut/Erth      12%        N/A       45%         4
 Lesser Beckoning         Tloc           2%         N/A       50%         3
 Blink                    Tloc           Unusable   N/A       N/A         2

Dungeon Overview and Level Annotations

Branches:
Dungeon (6/15) Zot: 26894
 Temple: D:4-7

Altars:
Sif Muna

Shops:
D:1 [

Annotations:
D:6 Sigmund


Innate Abilities, Weirdness & Mutations

You cannot be hasted, slowed, berserked, paralysed or teleported.
You can dig through walls and to a lower floor.
You have a pair of large antennae on your head. (SInv)
Your four strong arms can wield two-handed weapons with a shield.


Message History

Beogh smites you!
You take 12 damage, and have 18/30 hp.
MASSIVE DAMAGE!!
Casting: Sandblast (safe; 3% risk of failure)
Confirm with . or Enter, or press ? or * to list all spells.
Aiming: Sandblast (safe; 3% risk of failure)
Press: ? - help, Shift-Dir - straight line, f - orc priest
Aim: an orc priest, wielding a +0 club and wearing a +0 scale mail (84% to hit)
The blast of sand hits the orc priest but does no damage.
The orc priest miscasts a cantrip.
An orc comes into view.
It is wielding a +0 whip of electrocution.
You now have 2/8 mp.
Casting: Sandblast (safe; 3% risk of failure)
Confirm with . or Enter, or press ? or * to list all spells.
Aiming: Sandblast (safe; 3% risk of failure)
Press: ? - help, Shift-Dir - straight line, f/p - orc priest
Aim: an orc priest, wielding a +0 club and wearing a +0 scale mail (84% to hit)
The blast of sand hits the orc priest but does no damage.
The orc barely misses you. The orc priest closely misses you.
You now have 1/8 mp.
Casting: Sandblast (safe; 3% risk of failure)
Confirm with . or Enter, or press ? or * to list all spells.
Aiming: Sandblast (safe; 3% risk of failure)
Press: ? - help, Shift-Dir - straight line, f/p - orc priest
Aim: an orc priest, wielding a +0 club and wearing a +0 scale mail (84% to hit)
The blast of sand hits the orc priest but does no damage.
The orc hits you with a +0 hand axe. The orc priest hits you with a +0 club.
The orc barely misses you. The orc priest hits you with a +0 club.
* * * LOW HITPOINT WARNING * * *
You take 11 damage, and have 8/30 hp.
MASSIVE DAMAGE!!
You now have 0/8 mp.
You barely miss the orc priest. The orc barely misses you.
The orc priest hits you with a +0 club.
* * * LOW HITPOINT WARNING * * *
You take 1 damage, and have 7/30 hp.
The orc closely misses you.
You hit the orc.
The orc is poisoned.
The orc is heavily wounded.
The orc hits you with a +0 hand axe.
* * * LOW HITPOINT WARNING * * *
The orc priest hits you with a +0 club.
You die...

.. ..##..............#
... ....#.............#
...#..........###....#
#.###.......## ##...#
#.#.#.#...## #...###
..###.#.....## ##......
.......o....## ##..#####
#).oo....# ##...#
####@....###..)##
#............#
#..............##
.................##
...................##
................##..####
................####..##
...............## ##...
....#. #..##


You could see an orc priest and 2 orcs.

Vanquished Creatures
  An orc priest (D:5)
  2 adders (D:2)
  A worm (D:2)
  2 orcs (D:4)
  2 bats
  5 endoplasms
  3 giant cockroaches
  4 goblins
  3 hobgoblins
  4 kobolds
  2 ball pythons
  5 frilled lizards
  4 rats
38 creatures vanquished.

Notes
Turn   | Place    | Note
-------+----------+-------------------------------------------
     0 | D:1      | trckry the Formicid Earth Elementalist began the quest for
                  | the Orb.
     0 | D:1      | Reached XP level 1. HP: 13/13 MP: 3/3
   108 | D:1      | Found a faded altar of an unknown god.
   203 | D:1      | Prayed at the altar of an unknown god.
   203 | D:1      | Became a worshipper of Sif Muna the Loreminder
   203 | D:1      | Reached * piety under Sif Muna
   247 | D:1      | Found Gisoipiu's Armour Shop.
   265 | D:1      | Reached XP level 2. HP: 19/19 MP: 1/5
  1113 | D:2      | Reached XP level 3. HP: 24/24 MP: 4/6
  1144 | D:2      | Reached ** piety under Sif Muna
  1190 | D:2      | Reached skill level 4 in Earth Magic
  1495 | D:2      | Reached XP level 4. HP: 30/30 MP: 4/7
  1882 | D:3      | You fall into a shaft and drop 3 floors!
  1894 | D:6      | Learned a level 3 spell: Stone Arrow
  1901 | D:6      | Noticed Sigmund
  1973 | D:5      | Entered Level 5 of the Dungeon
  2108 | D:4      | HP: 1/30 [orc/+0 hand axe (6)]
  2108 | D:4      | Slain by an orc priest

Illustrated notes

Levels and vault maps discovered:
D:1:      eino_arrival_druids_welcome, layout_loops_corners, serial_shops, shop,
          shapermc_ecumenical_altar_mp_urbaneastern, serial_park_tiny_2
D:2:      layout_basic, chequers_serial_rivers_small_b
D:3:      layout_basic, gammafunk_ghost_abyssal_escape, roderic_serpentine_path
D:4:      layout_layer_cave, mainiacjoe_overflow_catch_the_wave,
          nicolae_vehumet_altar_sigil, dk_yredelemnul_ordeal
D:5:      layout_basic, gammafunk_temple_overflow_wave
D:6:      layout_basic, grunt_ashenzari_visionary
          [grunt_ashenzari_visionary_shoals, grunt_ashenzari_visionary_snake],
          minmay_joined_circles, uniq_sigmund, uniq_blork_the_orc, uniq_duvessa

Skill      XL: |  1  2  3 |
---------------+----------+-----
Dodging        | 2 |  2.3
Stealth        | 3 |  3.0
Earth Magic    | 4 |  4.2
Transmutations | 2 |  2.2
Fighting       | |  0.2
Armour         | |  0.4
Spellcasting   | |  2.8
Conjurations   | |  0.5
Invocations    | |  0.4

Action                   |  1- 3 |  4- 6 || total
-------------------------+-------+-------++-------
Melee: Dagger            |       |     2 ||     2
 Cast: Sandblast         |    41 |    18 ||    59
 Abil: Dig               |     1 |       ||     1
Armor: Robe              |       |     1 ||     1
Dodge: Dodged            |     9 |     6 ||    15

Table legend: (Time is in decaauts)
 A = Elapsed time spent in this place.
 B = Non-inter-level travel time spent in this place.
 C = Inter-level travel time spent in this place.
 D = Time resting spent in this place.
 E = Time spent auto-exploring this place.
 F = Levels seen in this place.
 G = Mean time per level.
                   A        B        C        D        E       F      G
               +--------+--------+--------+--------+--------+-----+--------+
         Total |   2137 |   2028 |    109 |      0 |   1634 |   6 |  356.2 |
       Dungeon |   2137 |   2028 |    109 |      0 |   1634 |   6 |  356.2 |
               +--------+--------+--------+--------+--------+-----+--------+

Top non-repeatable levels by time:
     D:1: 1050 daAuts
     D:2: 804 daAuts
     D:4: 104 daAuts
     D:6: 90 daAuts
     D:3: 51 daAuts
     D:5: 35 daAuts
